 Dungeon Crawl Stone Soup version 0.27.1-34-g3ba077fa99 (webtiles) character file.

Game seed: 12024967034544756228

46 sankara the Firebug (level 3, 0/26 HPs)
             Began as a Draconian Fire Elementalist on Jan 18, 2022.
             Slain by a black bear (5 damage)
             ... on level 3 of the Dungeon.
             The game lasted 00:05:08 (2344 turns).

sankara the Firebug (Draconian Fire Elementalist)   Turns: 2344, Time: 00:05:09

Health: 0/26       AC:  5    Str: 10    XL:     3   Next: 44%
Magic:  1/6        EV: 16    Int: 16    God:
Gold:   72         SH:  0    Dex: 11    Spells: 2/6 levels left

rFire    . . .     SeeInvis .   k - +0 short sword (flame)
rCold    . . .     Faith    .   (no shield)
rNeg     . . .     Spirit   .   (armour unavailable)
rPois    .         Reflect  .   (helmet restricted)
rElec    .         Harm     .   (no cloak)
rCorr    .         Rampage  .   (no gloves)
Will     .....                  (no boots)
Stlth    ++........             (no amulet)
HPRegen  0.08/turn              d - ring of wizardry
MPRegen  0.10/turn              h - +4 ring of evasion

@: no status effects
A: AC +5, unfitting armour, cold-blooded
a: no special abilities


You were on level 3 of the Dungeon.
You visited 1 branch of the dungeon, and saw 3 of its levels.

You collected 72 gold pieces.

Inventory:

Hand Weapons
 g - a +0 dagger
 k - a +0 short sword of flaming (weapon)
Missiles
 f - 9 poisoned darts
 j - 21 stones
Jewellery
 d - a ring of wizardry (left hand)
 h - a +4 ring of evasion (right hand)
Scrolls
 a - a scroll of enchant armour {unknown}
 b - 3 scrolls of teleportation {unknown}
 c - a scroll of brand weapon {unknown}
 e - a scroll of torment {unknown}
 i - a scroll of blinking {unknown}
 n - a scroll of identify {unknown}
 o - a scroll of vulnerability {unknown}
Potions
 l - 2 potions of magic {unknown}
 m - a potion of cancellation {unknown}
 p - a potion of degeneration {unknown}


   Skills:
 - Level 1.7 Dodging
 - Level 1.7 Stealth
 + Level 2.4 Spellcasting
 * Level 2.2 Conjurations
 * Level 3.6 Fire Magic


You had 2 spell levels left.
You knew the following spells:

 Your Spells              Type           Power      Damage    Failure   Level
a - Foxfire               Conj/Fire      44%        2x1d6     2%          1
b - Conjure Flame         Conj/Fire      11%        6-21      8%          3

Your spell library contained the following spells:

 Spells                   Type           Power      Damage    Failure   Level
 Animate Skeleton         Necr           2%         N/A       9%          1
 Pain                     Necr           4%         1d4       9%          1
 Inner Flame              Hex/Fire       7%         N/A       12%         3
 Vampiric Draining        Necr           0%         2d6       24%         3
 Sticky Flame             Conj/Fire      11%        2d3       24%         4
 Fireball                 Conj/Fire      5%         3d5       52%         5


Dungeon Overview and Level Annotations

Branches:
Dungeon (3/15)

Altars:


Innate Abilities, Weirdness & Mutations

Your plain brown scales are hard. (AC +5)
You cannot fit into any form of body armour.
You are cold-blooded and may be slowed by cold attacks.


Message History

Casting: Foxfire (safe; 2% risk of failure)
Confirm with . or Enter, or press ? or * to list all spells.
You conjure some foxfire!
Casting: Foxfire (safe; 2% risk of failure)
Confirm with . or Enter, or press ? or * to list all spells.
You conjure some foxfire!
The foxfire hits the black bear.
The black bear is moderately wounded.
The foxfire hits the black bear but does no damage.
The black bear is moderately wounded.
The foxfire hits the black bear.
The black bear is heavily wounded.
The foxfire hits the black bear.
The black bear is severely wounded.
Your foxfire dissipates!
Casting: Foxfire (safe; 2% risk of failure)
Confirm with . or Enter, or press ? or * to list all spells.
You conjure some foxfire!
The foxfire hits the black bear.
The black bear is severely wounded.
The foxfire hits the black bear.
The black bear is severely wounded.
Unknown command.
You closely miss the black bear.
The black bear is severely wounded.
The foxfire hits the black bear but does no damage.
The black bear is severely wounded.
You hit the black bear but do no damage.
The black bear is severely wounded.
The black bear goes berserk!
Casting: Foxfire (safe; 2% risk of failure)
Confirm with . or Enter, or press ? or * to list all spells.
You don't have enough magic to cast this spell.
The black bear bites you. The black bear barely misses you. x2
The black bear closely misses you.
The black bear claws you but does no damage.
The black bear closely misses you. The black bear bites you.
The black bear claws you. x2
The black bear bites you!
* * * LOW HITPOINT WARNING * * *
The black bear barely misses you. The black bear claws you.
You die...

#.#####.#
##.###..# ###
##...#.# #.#
# #####.# #.#
.#. #.# #.#
.... #.#
#.###.....
#.# #......#
#.####......#
#..@h..######
########


You could see a black bear (berserk).

Vanquished Creatures
  An adder (D:2)
  3 bats
  5 endoplasms
  A giant cockroach (D:1)
  A goblin (D:1)
  3 hobgoblins
  3 quokkas (D:2)
  8 ball pythons
  A frilled lizard (D:2)
  5 kobolds
  5 rats
36 creatures vanquished.

Vanquished Creatures (others)
  91 foxfires
  3 plants (D:1)
94 creatures vanquished.

Grand Total: 130 creatures vanquished

Notes
Turn   | Place    | Note
-------+----------+-------------------------------------------
     0 | D:1      | sankara the Draconian Fire Elementalist began the quest for
                  | the Orb.
     0 | D:1      | Reached XP level 1. HP: 14/14 MP: 3/3
   418 | D:1      | Reached XP level 2. HP: 20/20 MP: 0/5
  1553 | D:2      | Reached XP level 3. HP: 26/26 MP: 4/6
  1557 | D:2      | Learned a level 3 spell: Conjure Flame
  2331 | D:3      | Noticed a black bear
  2344 | D:3      | Slain by a black bear

Illustrated notes

Levels and vault maps discovered:
D:1:      wander_arrival_peaceful_grave, layout_loops_ring,
          serial_bayou_crossing
D:2:      layout_basic
D:3:      kennysheep_six_static_rooms, layout_loops_ring,
          chequers_temple_overflow_minitemple, uniq_natasha

Skill      XL: |  1  2 |
---------------+-------+-----
Conjurations   | 2 |  2.2
Dodging        | |  1.7
Stealth        | |  1.7
Spellcasting   | |  2.4
Fire Magic     | |  3.6

Action                   || total
-------------------------++-------
Melee: Short sword       ||    10
 Cast: Foxfire           ||    50
Armor: Skin              ||     1
Dodge: Dodged            ||    15
